 Seeded DCSS version 0.30.1-4-g462c640d31 (webtiles) character file.

Game seed: 701750224110604655 (custom seed)

57 CarvArkoylaein the Trooper (level 4, 40/40 HPs)
             Began as a Hill Orc Fighter on Sept 1, 2023.
             Quit the game on level 2 of the Dungeon.
             The game lasted 00:07:22 (633 turns).

CarvArkoylaein the Trooper (Hill Orc Fighter)        Turns: 633, Time: 00:07:23

Health: 40/40      AC:  7    Str: 20    XL:     4   Next: 0%
Magic:  4/4        EV:  9    Int:  8    God:
Gold:   85         SH:  0    Dex: 10    Spells: 3/3 levels left

rFire   . . .        f - +9 bardiche of Wu Jian, Growing {freeze, rN+ SInv}
rCold   . . .        (shield currently unavailable)
rNeg    + . .        b - +0 scale mail
rPois   .            (no helmet)
rElec   .            (no cloak)
rCorr   .            (no gloves)
SInv    +            (no boots)
Will    .....        (no amulet) Stlth
                     (no ring)
HPRegen 0.26/turn    (no ring)
MPRegen 0.09/turn

%: no passive effects
@: no status effects
A: no striking features
a: no special abilities


You were on level 2 of the Dungeon.
You visited 1 branch of the dungeon, and saw 2 of its levels.

You collected 85 gold pieces.

Inventory:

Hand Weapons
 a - a +0 war axe of flaming
 f - the +9 bardiche of Wu Jian, Growing (weapon) {freeze, rN+ SInv}
   (You found it on level 2 of the Dungeon)

   rN:        It protects you from negative energy.
   SInv:      It lets you see invisible.
Armour
 b - a +0 scale mail (worn)
Scrolls
 e - a scroll of magic mapping {unknown}
Potions
 d - 2 potions of might
 g - a potion of resistance {unknown}
 h - a potion of brilliance {unknown}
 j - a potion of cancellation {unknown}


   Skills:
 + Level 4.2 Fighting
 + Level 3.3 Axes
 + Level 4.1 Armour
 + Level 3.6 Shields


You had 3 spell levels left.
You didn't know any spells.
Your spell library contained the following spells:

 Spells                   Type           Power      Damage    Failure   Level
 Blink                    Tloc           0%         N/A       88%         2
 Lesser Beckoning         Tloc           0%         N/A       88%         2
 Momentum Strike          Conj/Tloc      0%         3d8       88%         2


Dungeon Overview and Level Annotations

Branches:
Dungeon (2/15)

Altars:


Message History

The bat barely misses you.
You miss the bat.
The bat is moderately wounded.
You block the bat's attack. x2; The bat hits you but does no damage.
You slash the bat! You burn the bat.
You kill the bat!
e - a scroll labelled WESUZO FOEVETO
Found 26 gold pieces.
You now have 63 gold pieces (gained 10).
You now have 79 gold pieces (gained 16).
You see here a +0 ring mail.
Things that are here:
a +0 sling; a bat corpse A ball python comes into view.
The ball python hisses angrily.
You barely miss the ball python. You block the ball python's attack. x2
You closely miss the ball python. The ball python bites you.
The ball python closely misses you. The ball python bites you.
The ball python barely misses you.
You closely miss the ball python. The ball python barely misses you. x2
The ball python bites you but does no damage.
The ball python grabs you. The ball python constricts you.
You slash the ball python! You burn the ball python.
You kill the ball python!
You have reached level 4!
There is a stone staircase leading down here.
Found an encrusted bardiche.
Found 6 gold pieces.
You now have 85 gold pieces (gained 6).
You see here the +9 bardiche of Wu Jian, Growing {freeze, rN+ SInv}.
f - the +9 bardiche of Wu Jian, Growing {freeze, rN+ SInv} You can't wield that with only one hand.
You start removing your armour.
You continue taking off your +0 buckler. x4
You finish taking off your +0 buckler.
You drop a +0 buckler.
Your +0 war axe of flaming stops flaming.
The +9 bardiche of Wu Jian, Growing {freeze, rN+ SInv} glows with a cold blue light!
f - the +9 bardiche of Wu Jian, Growing (weapon)
{freeze, rN+ SInv} You see here a +0 ring mail.
Are you sure you want to abandon this character and quit the game? (Confirm with "yes".)

#.......# #####
#.#####.#
#...###.#####.#
#..........##.#
#...###.##.##.#########
##.......#.##.#.......#
#.####.......#.#####.#
#.#####.#.###...# #.#
#....##@#.).....# #.#
#.##.##[#####...# #.#
#.......######### #.###
######.####.....#
##.†.#
#...............#
#.....
#.####..###.....#
#.##.# #.[..###.....#
#.##.# #.##.##......#
#.#..#
#.##.##.##.##.###
#.#.##


There were no monsters in sight!

Vanquished Creatures
  4 adders (D:2)
  2 endoplasms
  3 goblins (D:1)
  A hobgoblin (D:1)
  A quokka (D:1)
  A ball python (D:2)
  4 bats
  A frilled lizard (D:1)
  3 kobolds (D:1)
  A rat (D:1)
21 creatures vanquished.

Notes
Turn   | Place    | Note
-------+----------+-------------------------------------------
     0 | D:1      | CarvArkoylaein the Hill Orc Fighter began the quest for the
                  | Orb.
     0 | D:1      | Reached XP level 1. HP: 19/19 MP: 1/1
   146 | D:1      | Reached XP level 2. HP: 26/27 MP: 2/2
   285 | D:2      | Reached XP level 3. HP: 33/33 MP: 3/3
   554 | D:2      | Reached XP level 4. HP: 36/40 MP: 4/4
   615 | D:2      | Identified the +9 bardiche of Wu Jian, Growing {freeze, rN+
                  | SInv}
   633 | D:2      | Quit the game

Illustrated notes

Levels and vault maps discovered:
D:1:      dpeg_arrival_orchard, layout_loops_ring, serial_shops, shop
D:2:      layout_loops_cross

Skill      XL: |  1  2  3 |
---------------+----------+-----
Fighting       | 4 |  4.2
Axes           | 3 |  3.3
Armour         | 4 |  4.1
Shields        | |  3.6

Action                     |  1- 3 |  4- 6 || total
---------------------------+-------+-------++-------
  Melee: War axe           |    84 |       ||    84
    Use: Scroll            |     4 |       ||     4
 Armour: Scale mail        |    51 |       ||    51
  Dodge: Dodged            |    40 |       ||    40
  Block: Buckler           |    25 |       ||    25
